 Dungeon Crawl Stone Soup version 0.27.1-34-g3ba077fa99 (webtiles) character file.

Game seed: 524924026456092900

4979 acdeimund the Firebug (level 10, 73/73 HPs)
             Began as a Human Fire Elementalist on Nov 12, 2021.
             Was a Follower of Vehumet.
             Quit the game on level 8 of the Dungeon on Jan 26, 2022.
             The game lasted 01:10:04 (12192 turns).

acdeimund the Firebug (Human Fire Elementalist)    Turns: 12192, Time: 01:10:05

Health: 73/73      AC:  6    Str:  8    XL:     10   Next: 83%
Magic:  20/20      EV: 14    Int: 20    God:    Vehumet [*.....]
Gold:   325        SH:  0    Dex: 13    Spells: 5/23 levels left

rFire    . . .     SeeInvis .   C - +4 dagger (distort)
rCold    . . .     Faith    .   (no shield)
rNeg     . . .     Spirit   .   u - +2 robe
rPois    .         Reflect  .   (no helmet)
rElec    .         Harm     .   e - +0 cloak
rCorr    .         Rampage  .   (no gloves)
Will     .....                  s - +0 pair of boots
Stlth    +++.......             (no amulet)
HPRegen  0.22/turn              b - ring of wizardry
MPRegen  0.17/turn              (no ring)

@: no status effects
A: no striking features
a: Renounce Religion


You were on level 8 of the Dungeon.
You worshipped Vehumet.
Vehumet was aware of your devotion.
You visited 2 branches of the dungeon, and saw 9 of its levels.
You also visited: Sewer.

You collected 396 gold pieces.
You spent 71 gold pieces at shops.

Inventory:

Hand Weapons
 i - a +0 dagger of venom
 n - a +3 whip of freezing
 o - a +2 dagger of holy wrath
 y - a +2 vampiric dagger
 C - a +4 dagger of distortion (weapon)
Missiles
 k - 65 poisoned darts
 v - 2 throwing nets
Armour
 a - a +0 robe
 e - a +0 cloak (worn)
 p - a +0 buckler
 q - +0 swamp dragon scales
 s - a +0 pair of boots (worn)
 u - a +2 robe (worn)
Jewellery
 b - a ring of wizardry (left hand)
Wands
 d - a wand of iceblast (7)
 j - a wand of flame (7)
 A - a wand of mindburst (18)
Scrolls
 c - a scroll of fog
 h - a scroll of enchant weapon
 m - a scroll of immolation {unknown}
 w - a scroll of amnesia
 B - a scroll of identify
 D - a scroll of fear
Potions
 f - 2 potions of curing
 g - 2 potions of attraction
 l - 4 potions of flight
 r - a potion of resistance {unknown}
 t - a potion of might
 x - a potion of magic {unknown}
 z - a potion of haste {unknown}


   Skills:
 + Level 4.4 Fighting
 + Level 5.1 Dodging
 + Level 5.4 Stealth
 * Level 7.3 Spellcasting
 - Level 7.0 Conjurations
 - Level 7.6 Fire Magic
 * Level 2.8 Earth Magic


You had 5 spell levels left.
You knew the following spells:

 Your Spells              Type           Power      Damage    Failure   Level
a - Foxfire               Conj/Fire      100%       2x1d9     1%          1
b - Sticky Flame          Conj/Fire      36%        2d6       1%          4
c - Fireball              Conj/Fire      18%        3d9       4%          5
d - Conjure Flame         Conj/Fire      36%        6-21      1%          3
e - Lee's Rapid Deconstr  Erth           9%         3d8*      32%         5

Your spell library contained the following spells:

 Spells                   Type           Power      Damage    Failure   Level
 Shock                    Conj/Air       84%        1d8       1%          1
 Sandblast                Erth           36%        2d10      1%          1
 Inner Flame              Hex/Fire       22%        N/A       2%          3
 Passwall                 Tmut/Erth      10%        N/A       3%          2
 Call Canine Familiar     Summ           7%         N/A       12%         3
 Portal Projectile        Hex/Tloc       14%        N/A       12%         3
 Leda's Liquefaction      Hex/Erth       6%         N/A       21%         4


Dungeon Overview and Level Annotations

Branches:
Dungeon (8/15)             Temple (1/1) D:7            Lair (0/6) D:8
  Sewer (visited)

Altars:
Ashenzari
Cheibriados
Elyvilon
Fedhas
Hepliaklqana
Kikubaaqudgha
Makhleb
Nemelex Xobeh
Okawaru
Qazlal
Sif Muna
Trog
Uskayaw
Vehumet
Yredelemnul
Zin
The Shining One

Shops:
D:3 (*[   D:5 *

Annotations:
D:3 1 runed translucent door, Icepheonix32's ghost, weakling DsTm


Message History

Things that are here:
a +0 dagger; a +0 chain mail
Things that are here:
a +0 falchion; 2 boomerangs; an orc corpse
Things that are here:
a +0 dagger; a +0 chain mail
Things that are here:
a +0 falchion of distortion; a +0 leather armour; an orc corpse An orc comes into view.
It is wielding a +0 dagger.
Casting: Foxfire (safe; 1% risk of failure)
Press: ? - help, Q - select action, (/) - cycle Dir - look around, f - activate You conjure some foxfire!
The orc shouts!
The teleport trap disappears.
The orc disappears!
Things that are here:
a +0 mace; a +0 leather armour; an orc corpse Your foxfire dissipates!
An orc comes into view. It is wielding a +0 flail.
Casting: Foxfire (safe; 1% risk of failure)
Press: ? - help, Q - select action, (/) - cycle Dir - look around, f - activate You conjure some foxfire!
The orc shouts!
You hear a bellow!
The foxfire hits the orc.
The orc is moderately wounded.
Casting: Foxfire (safe; 1% risk of failure)
Press: ? - help, Q - select action, (/) - cycle Dir - look around, f - activate You conjure some foxfire!
The foxfire hits the orc.
The orc is almost dead.
The foxfire hits the orc!
You kill the orc!
Vehumet accepts your kill.
You start resting.
Magic restored.
Saving game... please wait.
Welcome back, acdeimund the Human Fire Elementalist.
Vehumet says: Let it end in hellfire!
Press ? for a list of commands and other information.
Are you sure you want to abandon this character and quit the game? (Confirm with "yes".)

<....... ................#
Y.........###.....#...#######
YYY.....##......#.#...#
..Y.............##...##
O.....y..............#
.................#...#
................##...#
..y.y............$...#
..<....# .##..@.#### .......#
##.#.# .......... #..###
##..............#
##.........##..# ........
...# ##..### ..### ..... ...
##..


There were no monsters in sight!

Vanquished Creatures
  Harold (D:7)
  Joseph (D:7)
  Maggie (D:7)
  Psyche (D:8)
  A komodo dragon (D:8)
  Prince Ribbit (D:7)
  Grinder (D:2)
  Edmund (D:4)
  Duvessa (D:6)
  A hornet zombie (D:8)
  An ice beast (D:8)
  2 orc warriors
  A necrophage (D:8)
  4 centaurs
  2 ogres
  2 kobold brigands
  4 bullfrogs
  A scorpion (D:7)
  Dowan (D:6)
  6 killer bees (D:8)
  A water moccasin skeleton (D:5)
  An electric eel (D:7)
  A howler monkey (D:7)
  A centaur zombie (D:5)
  2 jellies
  4 orc priests
  2 hounds
  A bullfrog skeleton (D:6)
  A gnoll shaman (D:8)
  An orc wizard (D:7)
  3 iguanas
  A killer bee zombie (D:6)
  4 adders
  8 gnolls
  4 river rats
  A shadow imp (D:5)
  4 white imps
  A worm (D:7)
  4 dart slugs
  20 orcs
  11 ball pythons
  7 endoplasms
  3 giant cockroaches
  A goblin (D:2)
  8 hobgoblins
  2 jackals (Sewer)
  4 quokkas
  2 bats
  3 frilled lizards
  15 kobolds
  13 rats
168 creatures vanquished.

Vanquished Creatures (others)
  520 foxfires
  7 plants
527 creatures vanquished.

Grand Total: 695 creatures vanquished

Notes
Turn   | Place    | Note
-------+----------+-------------------------------------------
     0 | D:1      | acdeimund the Human Fire Elementalist began the quest for
                  | the Orb.
     0 | D:1      | Reached XP level 1. HP: 13/13 MP: 3/3
   367 | D:1      | Reached XP level 2. HP: 15/19 MP: 1/5
   425 | D:1      | Found a faded altar of an unknown god.
  1020 | D:2      | Reached XP level 3. HP: 25/25 MP: 1/6
  1984 | D:2      | Reached XP level 4. HP: 31/31 MP: 7/7
  1989 | D:2      | Learned a level 4 spell: Sticky Flame
  2355 | D:3      | Found Esheosuh's General Store.
  2362 | D:3      | Bought a scroll of magic mapping for 45 gold pieces
  2362 | D:3      | Bought a scroll of identify for 26 gold pieces
  2504 | D:3      | Found a shimmering blue altar of Sif Muna.
  2506 | D:3      | Found a stormy altar of Qazlal.
  2613 | D:3      | Found a runed translucent door.
  2620 | D:3      | Noticed Icepheonix32's ghost (weakling DsTm)
  2681 | D:3      | Found Sutuutes's Antique Armour Shop.
  2700 | D:3      | Found Byg Hik's Weapon Shop.
  2871 | D:3      | Noticed Grinder
  2884 | D:3      | Paralysed by Grinder for 6 turns
  2890 | D:3      | HP: 1/31 [Grinder (6)]
  2905 | D:2      | Killed Grinder
  2906 | D:2      | Reached XP level 5. HP: 24/36 MP: 1/10
  2906 | D:2      | Reached XP level 6. HP: 28/42 MP: 1/11
  3493 | D:4      | Noticed Edmund
  3513 | D:4      | Killed Edmund
  3514 | D:4      | Reached XP level 7. HP: 27/47 MP: 1/12
  3873 | D:4      | Learned a level 5 spell: Fireball
  4695 | D:4      | Found an ancient bone altar of Kikubaaqudgha.
  4723 | D:4      | Found a blossoming altar of Fedhas.
  4882 | D:5      | Entered Level 5 of the Dungeon
  5000 | D:4      | Reached skill level 5 in Fire Magic
  5370 | D:5      | Identified a scroll of acquirement
  5370 | D:5      | Acquired a ring of wizardry
  5401 | D:5      | Found Cegouno's Assorted Antiques.
  5475 | D:5      | Noticed a two-headed ogre
  5875 | D:5      | Reached skill level 1 in Fighting
  6172 | D:5      | Reached XP level 8. HP: 50/54 MP: 7/14
  7045 | D:6      | Noticed Duvessa
  7289 | D:6      | Found a glowing drain.
  7298 | Sewer    | Entered a sewer
  7412 | Sewer    | Upgraded the game from 0.27.1-4-g1640c2035a to
                  | 0.27.1-15-g792fb953b9
  7552 | Sewer    | Found a white marble altar of Elyvilon.
  7646 | D:6      | Noticed Dowan
  7649 | D:6      | Killed Dowan
  7706 | D:6      | Reached skill level 5 in Spellcasting
  7706 | D:6      | Reached skill level 5 in Conjurations
  7843 | D:6      | Killed Duvessa
  8440 | D:7      | Reached XP level 9. HP: 58/62 MP: 14/16
  8529 | D:7      | Found a snail-covered altar of Cheibriados.
  8565 | D:7      | Noticed Harold
  8580 | D:7      | Killed Harold
  8842 | D:7      | Noticed Maggie
  8859 | D:7      | HP: 2/63 [Maggie/bolt of fire (18)]
  8860 | D:7      | Killed Maggie
  9272 | D:7      | Noticed Joseph
  9286 | D:7      | Killed Joseph
  9287 | D:7      | Reached XP level 10. HP: 23/70 MP: 7/19
  9754 | D:7      | Noticed Prince Ribbit
  9761 | D:7      | Killed Prince Ribbit
  9848 | D:7      | Noticed a boulder beetle
  9908 | D:7      | Upgraded the game from 0.27.1-15-g792fb953b9 to
                  | 0.27.1-16-g815e20cd7a
 10578 | D:7      | Learned a level 3 spell: Conjure Flame
 10584 | D:7      | Learned a level 5 spell: Lee's Rapid Deconstruction
 10592 | D:8      | Noticed a two-headed ogre
 10655 | D:7      | Found a staircase to the Ecumenical Temple.
 10659 | D:7      | Noticed a two-headed ogre
 10664 | Temple   | Entered the Ecumenical Temple
 10716 | Temple   | Became a worshipper of Vehumet
 10860 | D:7      | Upgraded the game from 0.27.1-16-g815e20cd7a to
                  | 0.27.1-33-g824d729ab1
 11097 | D:8      | Found a staircase to the Lair.
 11098 | D:8      | Noticed a komodo dragon
 11123 | D:8      | Killed a komodo dragon
 11124 | D:8      | Reached skill level 1 in Earth Magic
 11367 | D:8      | Reached skill level 5 in Stealth
 11635 | D:8      | Noticed Psyche
 11650 | D:8      | Killed Psyche
 11651 | D:8      | Reached skill level 5 in Dodging
 12059 | D:8      | Reached * piety under Vehumet
 12059 | D:8      | Offered knowledge of Shock by Vehumet.
 12192 | D:8      | Upgraded the game from 0.27.1-33-g824d729ab1 to
                  | 0.27.1-34-g3ba077fa99
 12192 | D:8      | Quit the game

Illustrated notes

Levels and vault maps discovered:
D:1:      minmay_arrival_five_plusses, layout_loops_ring,
          chequers_ecumenical_altar_island, minmay_pentomino_v4
D:2:      layout_loops_corners, minmay_fractal_squares_5
D:3:      layout_loops_ring, grunt_temple_overflow_open, serial_shops,
          nicolae_square_shop, shop_statue, nicolae_shop_trees,
          ebering_ghost_reflecting_pool, uniq_grinder
D:4:      layout_basic, grunt_temple_overflow_growth_and_decay, uniq_edmund
D:5:      layout_basic, serial_shops, shop
D:6:      layout_gridville, portal_sewer_entry_b, uniq_duvessa
D:7:      layout_loops_corners, chei_slow_surprise, temple_pool_b,
          ebering_ghost_disaster_area, kennysheep_generic_room_16, uniq_harold,
          uniq_prince_ribbit1, uniq_joseph, uniq_maggie
D:8:      kennysheep_spiral_hall, layout_cave_pools,
          mainiacjoe_overflow_boulevard, david_lair_shrubbed, minivault_4,
          grunt_decor_clamped, uniq_grum, uniq_psyche
Temple:   nicolae_temple_great_sept

Skill      XL: |  1  2  3  4  5  6  7  8  9 10 |
---------------+-------------------------------+-----
Conjurations   | 3 4 5 6 7 |  7.0
Spellcasting   | 3 4 5 6 7 |  7.3
Fire Magic     | 4 5 6 7 |  7.6
Fighting       | 1 2 3 4 |  4.4
Dodging        | 3 4 5 |  5.1
Stealth        | 3 4 5 |  5.4
Earth Magic    | 2 |  2.8

Action                   |  1- 3 |  4- 6 |  7- 9 | 10-12 || total
-------------------------+-------+-------+-------+-------++-------
Melee: Whip              |     2 |     9 |    30 |       ||    41
       Dagger            |       |       |    33 |    38 ||    71
 Cast: Foxfire           |    53 |    29 |   124 |    98 ||   304
       Sticky Flame      |       |     3 |    24 |    15 ||    42
       Fireball          |       |       |     6 |     3 ||     9
  Use: Potion            |       |     6 |     5 |     2 ||    13
       Scroll            |       |     2 |    16 |     1 ||    19
 Stab: Sleeping          |     2 |       |     7 |       ||     9
Armor: Robe              |     5 |     2 |    17 |    16 ||    40
       Skin              |       |     6 |       |       ||     6
Dodge: Dodged            |    19 |     5 |    88 |    40 ||   152
